 Dungeon Crawl Stone Soup version 0.25-a0-464-g3004169c2b (webtiles) character file.

Game seed: 7922998324599589015, levelgen mode: deterministic

5327 glosham the Spear-Bearer (level 10, 0/80 HPs)
             Began as a Merfolk Abyssal Knight on Feb 4, 2020.
             Was a High Priest of Lugonu.
             Slain by a +0 flail of chaos (18 damage)
             ... on level 9 of the Dungeon.
             The game lasted 01:56:43 (6776 turns).

glosham the Spear-Bearer (Merfolk Abyssal Knight)   Turns: 6776, Time: 01:56:44

Health: 0/80       AC: 11    Str: 20    XL:     10   Next: 64%
Magic:  15/15      EV: 19    Int: 13    God:    Lugonu [*****.]
Gold:   145        SH:  0    Dex: 13    Spells: 9/9 levels left

rFire    . . .     SeeInvis .   a - +1 hand axe (elec)
rCold    . . .     Gourm    .   (no shield)
rNeg     . . .     Faith    .   X - +3 leather armour
rPois    .         Spirit   .   U - +0 hat
rElec    .         Reflect  .   Y - +2 cloak
rCorr    .         Harm     .   (no gloves)
MR       .....                  W - +1 pair of boots
Stlth    +.........             z - amulet of rage
HPRegen  0.23/turn              A - +2 ring of slaying
MPRegen  0.14/turn              (no ring)

@: mighty, about to teleport, berserk cooldown, very slightly contaminated,
slowed, invisible, very slow
A: change form in water, swift swim, stealthy swim
a: Depart the Abyss, Bend Space, Banish, Corrupt, Enter the Abyss, Renounce
Religion, Evoke Berserk Rage


You were on level 9 of the Dungeon.
You worshipped Lugonu.
Lugonu was extremely pleased with you.
You were very hungry.

You visited 1 branch of the dungeon, and saw 9 of its levels.
You visited the Abyss 1 time.
You also visited: Ossuary.

You collected 762 gold pieces.
You spent 617 gold pieces at shops.

Inventory:

Hand Weapons
 a - a +1 hand axe of electrocution (weapon)
 b - a +0 halberd
 c - a +0 hand crossbow of freezing
 d - a +0 hunting sling of freezing
 w - a +1 spear
 I - a +0 shortbow
 K - a +0 glaive
Missiles
 h - 211 arrows
 i - 360 stones
 n - 65 bolts
 p - 167 sling bullets
 t - 8 silver javelins
 E - 7 curare-tipped darts (quivered)
Armour
 f - a +0 chain mail
 r - a +0 plate armour
 U - a +0 hat (worn)
 W - a +1 pair of boots (worn)
 X - a +3 leather armour (worn)
 Y - a +2 cloak (worn)
Jewellery
 z - an amulet of rage (around neck)
 A - a +2 ring of slaying (left hand)
 L - an uncursed amulet of harm
Wands
 k - a wand of disintegration (15)
 o - a wand of flame (7)
 y - a wand of acid (1)
 D - a wand of random effects (8)
 R - a wand of clouds (2)
Scrolls
 q - a scroll of torment {!r}
 s - 2 scrolls of fear
 J - a scroll of fog
 N - a scroll of teleportation
 P - a scroll of random uselessness {unknown}
Potions
 g - a potion of might
 j - 2 potions of curing
 l - 3 potions of haste
 m - 2 potions of flight
 u - 4 potions of berserk rage {!q}
 v - 2 potions of agility
 x - 7 potions of heal wounds
 B - 2 potions of invisibility
 C - a potion of lignification
 F - a potion of ambrosia
 H - a potion of magic
 O - 2 potions of brilliance {unknown}
 Q - a potion of mutation {!q}
Comestibles
 e - 19 rations


   Skills:
 + Level 7.9 Fighting
 - Level 12.0 Polearms
 - Level 0.6 Armour
 * Level 12.0 Dodging
 + Level 7.4 Invocations


You had 9 spell levels left.
You didn't know any spells.
Your spell library contained the following spells:

 Spells                   Type           Power        Failure   Level  Hunger
 Animate Skeleton         Necr           N/A          36%         1    ##.....
 Beastly Appendage        Tmut           #.....       36%         1    ##.....
 Foxfire                  Conj/Fire      #...         36%         1    ##.....
 Infusion                 Chrm           #...         36%         1    ##.....
 Pain                     Necr           #...         36%         1    ##.....
 Sandblast                Erth           #.....       36%         1    ##.....
 Shock                    Conj/Air       #...         36%         1    ##.....
 Vampiric Draining        Necr           #.........   73%         3    ####...
 Animate Dead             Necr           N/A          98%         4    #####..
 Agony                    Necr           #.......     100%        5    ######.


Dungeon Overview and Level Annotations

Branches:
Dungeon (9/15)             Temple (0/1) D:4         Ossuary (visited)
   Lair: D:8-11         Orc: D:9-12

Altars:
Ashenzari
Dithmenos
Fedhas
Gozag
Nemelex Xobeh
Okawaru
Ru
Sif Muna
Trog
Vehumet
Wu Jian
Xom
Yredelemnul
The Shining One

Shops:
D:6 *

Annotations:
D:9 Enish's ghost, novice FoCK


Message History

The +0 flail of chaos is moderately damaged.
You feel sick.
The +0 flail of chaos barely misses you.
You hit the +0 flail of chaos.
The +0 flail of chaos is moderately damaged.
You feel sick.
The +0 flail of chaos completely misses you.
You miss the +0 flail of chaos.
The +0 flail of chaos is moderately damaged.
You feel sick.
The +0 flail of chaos completely misses you.
You hit the +0 flail of chaos but do no damage.
The +0 flail of chaos is moderately damaged.
The +0 flail of chaos hits you. The +0 flail of chaos burns you.
You hit the +0 flail of chaos but do no damage.
The +0 flail of chaos is moderately damaged.
You feel sick. The +0 flail of chaos hits you!
* * * LOW HITPOINT WARNING * * *
You barely miss the +0 flail of chaos.
The +0 flail of chaos is moderately damaged.
You are no longer berserk.
You are exhausted.
You feel yourself slow down. The +0 flail of chaos hits you!
* * * LOW HITPOINT WARNING * * *
The +0 flail of chaos draws strength from your wounds!
Unknown command.
You feel better. The +0 flail of chaos hits you.
* * * LOW HITPOINT WARNING * * *
The +0 flail of chaos misses you.
Enish's ghost says, "Are you willing to die fighting?
I was!"
Okay, then.
Blink to where?
Press: ? - help, Dir - move target cursor
As you read the scroll of blinking, it crumbles to dust.
As you read the scroll of teleportation, it crumbles to dust.
You feel strangely unstable.
The +0 flail of chaos hits you but does no damage.
You are poisoned.
You feel better. The +0 flail of chaos hits you!!
You die...

###### ##.##.# #$_.#.#
###'##.# ### #......#
..# ###.W#.# #.#
##(#.# #.# #@#.#
#.#########.#.#
#.............#
####.######.### #.##
#.# #..# #.# ##.## ###
#########...##########
##§...§.#...#.§.§.§###


You could see a +0 flail of chaos and Enish's ghost.

Vanquished Creatures
  The ghost of DannyTheDog the Skirmisher, a novice DrIE of the Shining One (D:6)
  Maurice (D:9)
  Joseph (D:7)
  The ghost of EtherCrawl the Chopper, a novice FoBe of Trog (D:5)
  Prince Ribbit (D:9)
  A hippogriff (D:8)
  A spriggan (D:8)
  Menkaure (D:7)
  Duvessa (D:7)
  An orc warrior (D:7)
  4 ice beasts
  4 sky beasts
  A necrophage (D:9)
  5 centaurs
  2 ogres
  A big kobold (D:8)
  A spectral wyvern (D:6)
  Dowan (D:7)
  A scorpion (D:4)
  A water moccasin skeleton (D:5)
  4 killer bees (D:7)
  4 howler monkeys
  3 crimson imps
  5 orc wizards
  2 orc priests
  3 hounds (D:6)
  A bullfrog skeleton (D:7)
  Ijyb (D:4)
  7 worker ants
  2 iguanas
  A hound skeleton (D:6)
  8 mummies (Ossuary)
  4 gnolls
  8 adders
  A hound simulacrum (D:6)
  A shadow imp (D:7)
  A worker ant simulacrum (D:6)
  An ooze (D:3)
  An adder skeleton (D:6)
  4 worms (D:2)
  A dart slug (D:3)
  An adder simulacrum (D:6)
  5 leopard geckos
  11 orcs
  15 bats
  3 giant cockroaches
  A gnoll zombie (Ossuary)
  5 hobgoblins
  3 quokkas
  2 ball pythons (D:2)
  A frilled lizard (D:4)
  A giant cockroach zombie (D:6)
  17 goblins
  A hobgoblin zombie (Ossuary)
  A jackal skeleton (D:4)
  9 kobolds
  3 kobold zombies (Ossuary)
  3 orc zombies (Ossuary)
  9 rats
185 creatures vanquished.

Notes
Turn   | Place    | Note
-------+----------+-------------------------------------------
     0 | Abyss:1  | glosham the Merfolk Abyssal Knight began the quest for the
                  | Orb.
     0 | Abyss:1  | Reached XP level 1. HP: 18/18 MP: 2/2
    20 | Abyss:1  | Found a shimmering blue altar of Sif Muna.
    22 | Abyss:1  | Noticed a large abomination
    25 | Abyss:1  | Noticed a bone dragon
    64 | Abyss:2  | Noticed a hell hound
    67 | Abyss:2  | Noticed a wretched star
    70 | D:1      | Escaped the Abyss
   138 | D:1      | Reached * piety under Lugonu
   157 | D:1      | Reached skill level 4 in Polearms
   157 | D:1      | Reached XP level 2. HP: 23/24 MP: 3/3
   402 | D:1      | Reached skill level 5 in Polearms
   402 | D:1      | Reached XP level 3. HP: 29/29 MP: 4/4
   689 | D:2      | Found a blossoming altar of Fedhas.
   899 | D:2      | Reached ** piety under Lugonu
   918 | D:2      | Reached skill level 6 in Polearms
   918 | D:2      | Reached XP level 4. HP: 35/35 MP: 5/5
  1328 | D:2      | Reached skill level 7 in Polearms
  1336 | D:2      | Found a sparkling altar of Nemelex Xobeh.
  1436 | D:2      | Reached XP level 5. HP: 21/41 MP: 6/6
  1665 | D:3      | Found a radiant altar of Vehumet.
  1718 | D:3      | Reached skill level 8 in Polearms
  1824 | D:4      | Reached *** piety under Lugonu
  1855 | D:4      | Reached skill level 9 in Polearms
  1855 | D:4      | Reached XP level 6. HP: 47/47 MP: 7/7
  2020 | D:4      | Found a staircase to the Ecumenical Temple.
  2066 | D:4      | Found a sand-covered staircase.
  2091 | Ossuary  | Entered an ossuary
  2154 | Ossuary  | Reached skill level 10 in Polearms
  2218 | Ossuary  | Reached XP level 7. HP: 52/52 MP: 8/8
  2521 | D:4      | Reached skill level 11 in Polearms
  2701 | D:4      | Noticed Ijyb
  2705 | D:4      | Paralysed by Ijyb for 6 turns
  2727 | D:4      | Paralysed by Ijyb for 5 turns
  2741 | D:4      | Killed Ijyb
  2833 | D:5      | Entered Level 5 of the Dungeon
  2980 | D:5      | Found a large runed translucent door.
  2981 | D:5      | Found a large runed translucent door.
  2982 | D:5      | Noticed EtherCrawl's ghost (novice FoBe)
  2996 | D:5      | Reached skill level 12 in Polearms
  3017 | D:5      | Killed EtherCrawl's ghost
  3017 | D:5      | Reached skill level 4 in Fighting
  3017 | D:5      | Reached skill level 4 in Dodging
  3017 | D:5      | Reached XP level 8. HP: 60/60 MP: 8/10
  3142 | D:5      | Reached skill level 3 in Invocations
  3206 | D:5      | Reached skill level 5 in Dodging
  3236 | D:6      | Identified Sif Muna's Introduction to Magic
  3245 | D:6      | Found a shadowy altar of Dithmenos.
  3388 | D:6      | Reached skill level 6 in Dodging
  3451 | D:6      | Found a runed translucent gate.
  3451 | D:6      | Found a runed translucent gate.
  3451 | D:6      | Found a runed translucent gate.
  3492 | D:6      | Reached skill level 4 in Invocations
  3568 | D:6      | Noticed DannyTheDog's ghost (novice DrIE)
  3647 | D:6      | Found a shimmering blue altar of Sif Muna.
  3699 | D:6      | Found Few Pib's Assorted Antiques.
  3707 | D:6      | Bought a pair of boots for 85 gold pieces
  3776 | D:6      | Reached **** piety under Lugonu
  3817 | D:6      | Reached skill level 5 in Fighting
  3817 | D:6      | Reached skill level 7 in Dodging
  3945 | D:6      | Found a shattered altar of Ashenzari.
  3996 | D:6      | Reached XP level 9. HP: 59/68 MP: 12/12
  4171 | D:7      | Noticed Menkaure
  4176 | D:7      | Killed Menkaure
  4176 | D:7      | Reached skill level 8 in Dodging
  4331 | D:7      | Found a shimmering blue altar of Sif Muna.
  4343 | D:7      | Reached skill level 5 in Invocations
  4487 | D:7      | Noticed Joseph
  4499 | D:7      | Killed Joseph
  4499 | D:7      | Reached skill level 6 in Fighting
  4499 | D:7      | Reached skill level 9 in Dodging
  4759 | D:7      | Noticed Dowan
  4761 | D:7      | Noticed Duvessa
  4802 | D:7      | Killed Dowan
  4953 | D:7      | Killed Duvessa
  5215 | D:7      | Found an iron altar of Okawaru.
  5216 | D:7      | Found a bloodstained altar of Trog.
  5470 | D:6      | Killed DannyTheDog's ghost
  5470 | D:6      | Reached skill level 7 in Fighting
  5470 | D:6      | Reached skill level 10 in Dodging
  5470 | D:6      | Reached skill level 6 in Invocations
  5470 | D:6      | Reached XP level 10. HP: 11/79 MP: 14/14
  5525 | D:6      | Bought a scroll of teleportation for 57 gold pieces
  5525 | D:6      | Bought a scroll of identify for 38 gold pieces
  5525 | D:6      | Bought a potion of curing for 57 gold pieces
  5525 | D:6      | Bought a potion of haste for 190 gold pieces
  5525 | D:6      | Bought a potion of heal wounds for 95 gold pieces
  5525 | D:6      | Bought a potion of heal wounds for 95 gold pieces
  5729 | D:8      | Reached skill level 11 in Dodging
  6176 | D:8      | Found an ornate altar of the Wu Jian Council.
  6389 | D:9      | Reached ***** piety under Lugonu
  6389 | D:9      | Reached skill level 7 in Invocations
  6405 | D:9      | Noticed Prince Ribbit
  6411 | D:9      | Killed Prince Ribbit
  6500 | D:9      | Found a sacrificial altar of Ru.
  6500 | D:9      | Found an opulent altar of Gozag.
  6584 | D:9      | Noticed Maurice
  6593 | D:9      | Killed Maurice
  6618 | D:9      | Reached skill level 12 in Dodging
  6698 | D:9      | Found a glowing golden altar of the Shining One.
  6700 | D:9      | Noticed an angel
  6705 | D:9      | Found a basalt altar of Yredelemnul.
  6708 | D:9      | Noticed a profane servitor
  6745 | D:9      | Found a runed translucent door.
  6745 | D:9      | Found a shimmering altar of Xom.
  6745 | D:9      | Noticed a +0 flail of chaos
  6745 | D:9      | Noticed Enish's ghost (novice FoCK)
  6772 | D:9      | HP: 1/80 [+0 flail of chaos (16)]
  6776 | D:9      | Slain by a +0 flail of chaos

Levels and vault maps discovered:
D:1:      dpeg_arrival_stonehenge_12_columns, layout_rooms,
          minmay_misc_feat_alley
D:2:      minmay_chambers_of_twos, layout_basic, marbit_many_paths,
          kennysheep_minor_cross, nemelex_lonely_heart_becter
D:3:      layout_rooms, nicolae_overflow_hidden_temple, first_ration
D:4:      layout_loops_corners, minmay_temple_entry_gardened_gates,
          nicolae_ossuary_entry_monument, serial_park_tiny_2, uniq_ijyb
D:5:      layout_basic, ebering_ghost_disaster_area
D:6:      layout_loops_corners, lemuel_round_altar, kennysheep_mini_moat,
          nicolae_dithmenos_the_darkroom, serial_shops,
          nicolae_shop_overgrown_old_shop, gammafunk_ghost_necromancy
D:7:      kennysheep_orc_sif_temple, layout_layer_cave,
          grunt_temple_overflow_bloody_war, uniq_joseph, uniq_duvessa,
          uniq_menkaure
D:8:      layout_basic, lemuel_round_altar, the_bakery,
          minmay_misc_feat_nine_boxes, corner_web_ring, minmay_holes,
          minmay_misc_feat_pillars
D:9:      layout_loops_ring, grunt_temple_overflow_holy_war,
          gammafunk_temple_overflow_statue, nicolae_overflow_crystal_walls,
          ebering_ghost_xom, kennysheep_generic_room_12, uniq_maurice,
          uniq_prince_ribbit1

Skill      XL: |  1  2  3  4  5  6  7  8  9 10 |
---------------+-------------------------------+-----
Polearms       | 4 5 6 7 9 10 12 | 12.0
Fighting       | 4 5 7 |  7.9
Dodging        | 4 7 10 12 | 12.0
Invocations    | 4 6 7 |  7.4
Armour         | |  0.6

Action                   |  1- 3 |  4- 6 |  7- 9 | 10-12 || total
-------------------------+-------+-------+-------+-------++-------
Melee: Spear             |   133 |   227 |   152 |       ||   512
       Hand axe          |       |       |   151 |   117 ||   268
       Halberd           |       |       |       |    10 ||    10
 Fire: Hunting sling     |     1 |    31 |     5 |       ||    37
       Hand crossbow     |       |       |       |     1 ||     1
Throw: Dart              |       |       |     1 |       ||     1
Invok: Depart the Abyss  |     1 |       |       |       ||     1
       Bend Space        |       |       |     5 |       ||     5
 Abil: Evoke Berserk Rag |       |       |     7 |     3 ||    10
Evoke: Wand              |       |       |    11 |    10 ||    21
  Use: Scroll            |     2 |     5 |    16 |     5 ||    28
       Potion            |       |       |       |     2 ||     2
 Stab: Paralysed         |       |       |     4 |       ||     4
  Eat: Chunk             |       |     4 |    13 |     4 ||    21
       Ration            |       |       |     1 |     1 ||     2
Armor: Chain mail        |    33 |    78 |   109 |       ||   220
       Leather armour    |     3 |       |       |    32 ||    35
Dodge: Dodged            |    23 |    42 |    73 |    78 ||   216

Table legend:
 A = Non-vault XP
 B = Vault XP
 C = Vault XP percentage of total XP
 D = Non-vault monster count
 E = Vault monster count
 F = Vault count percentage of total count
                 A         B        C        D         E       F
            +---------+---------+-------+---------+---------+-------
      Total |    3997 |    3613 |  47.5 |     140 |      45 |  24.3
            +---------+---------+-------+---------+---------+-------
        D:1 |      35 |       0 |   0.0 |      24 |       0 |   0.0
        D:2 |     107 |      29 |  21.3 |      24 |       9 |  27.3
        D:3 |      75 |       0 |   0.0 |      15 |       0 |   0.0
        D:4 |     410 |      36 |   8.1 |      14 |       1 |   6.7
        D:5 |     366 |     415 |  53.1 |       8 |       1 |  11.1
        D:6 |     820 |     907 |  52.5 |      15 |       6 |  28.6
        D:7 |     534 |    1096 |  67.2 |      17 |       9 |  34.6
        D:8 |    1132 |     220 |  16.3 |      18 |       1 |   5.3
        D:9 |     518 |     757 |  59.4 |       5 |       2 |  28.6
    Ossuary |       0 |     153 | 100.0 |       0 |      16 | 100.0
            +---------+---------+-------+---------+---------+-------

Table legend:
 A = Turns spent in this place as a percentage of turns spent in the entire game.
 B = Non-inter-level travel turns spent in this place as a percentage of non-inter-level travel turns spent in the entire game.
 C = Inter-level travel turns spent in this place as a percentage of turns spent in this place.
 D = Turns resting spent in this place as a percentage of non-inter-level travel turns spent in this place.
 E = Turns spent auto-exploring this place as a percentage of non-inter-level travel turns spent in this place.
 F = Non-inter-level travel turns spent in this place divided by the number of levels of this place that you've seen.
                   A       B       C       D       E      F
               +-------+-------+-------+-------+-------+----------------------
         Total | 100.0 | 100.0 |   6.1 |   3.2 |   2.2 | 530.0
       Dungeon |  94.6 |  94.2 |   6.5 |   3.4 |   2.4 | 666.0
         Abyss |   1.0 |   1.1 |   0.0 |   0.0 |   0.0 |  35.0
       Ossuary |   4.4 |   4.7 |   0.0 |   0.0 |   0.0 | 296.0
               +-------+-------+-------+-------+-------+----------------------

Table legend:
 A = Kills in this place as a percentage of kills in entire the game.
 B = Kills by you in this place as a percentage of kills by you in the entire game.
 C = Kills by friends in this place as a percentage of kills by friends in the entire game.
 D = Other kills in this place as a percentage of other kills in the entire game.
 E = Experience gained in this place as a percentage of experience gained in the entire game.
 F = Experience gained in this place divided by the number of levels of this place that you have seen.
                   A       B       C       D       E      F
               +-------+-------+-------+-------+-------+----------------------
         Total | 100.0 | 100.0 |   N/A |   N/A | 100.0 | 634.2
       Dungeon |  91.4 |  91.4 |   N/A |   N/A |  98.0 | 828.6
       Ossuary |   8.6 |   8.6 |   N/A |   N/A |   2.0 | 153.0
               +-------+-------+-------+-------+-------+----------------------

Levels and vault maps discovered:
D:1:      dpeg_arrival_stonehenge_12_columns, layout_rooms,
          minmay_misc_feat_alley
D:2:      minmay_chambers_of_twos, layout_basic, marbit_many_paths,
          kennysheep_minor_cross, nemelex_lonely_heart_becter
D:3:      layout_rooms, nicolae_overflow_hidden_temple, first_ration
D:4:      layout_loops_corners, minmay_temple_entry_gardened_gates,
          nicolae_ossuary_entry_monument, serial_park_tiny_2, uniq_ijyb
D:5:      layout_basic, ebering_ghost_disaster_area
D:6:      layout_loops_corners, lemuel_round_altar, kennysheep_mini_moat,
          nicolae_dithmenos_the_darkroom, serial_shops,
          nicolae_shop_overgrown_old_shop, gammafunk_ghost_necromancy
D:7:      kennysheep_orc_sif_temple, layout_layer_cave,
          grunt_temple_overflow_bloody_war, uniq_joseph, uniq_duvessa,
          uniq_menkaure
D:8:      layout_basic, lemuel_round_altar, the_bakery,
          minmay_misc_feat_nine_boxes, corner_web_ring, minmay_holes,
          minmay_misc_feat_pillars
D:9:      layout_loops_ring, grunt_temple_overflow_holy_war,
          gammafunk_temple_overflow_statue, nicolae_overflow_crystal_walls,
          ebering_ghost_xom, kennysheep_generic_room_12, uniq_maurice,
          uniq_prince_ribbit1
